 Dungeon Crawl Stone Soup version 0.21.0-24-g2553a33 (webtiles) character file.

1038 tidbits the Insei (level 8, -5/94 HPs)
             Began as a Gnoll Wanderer on Jan 20, 2018.
             Was a Believer of Cheibriados.
             Slain by an orc warrior
             ... wielding a +0 halberd
              (8 damage)
             ... on level 9 of the Dungeon.
             The game lasted 00:15:35 (1461 turns).

tidbits the Insei (Gnoll Wanderer)                  Turns: 1461, Time: 00:15:35

Health: -5/94      AC: 24    Str: 28    XL:     8   Next: 24%
Magic:  12/12      EV:  2    Int: 21    God:    Cheibriados [**....]
Gold:   94         SH:  0    Dex: 20    Spells: 13/13 levels left

rFire    + . .     SeeInvis +     - Unarmed
rCold    + . .     Gourm    .   (no shield)
rNeg     + + +     Faith    .   (armour currently unavailable)
rPois    +         Spirit   .   (helmet currently unavailable)
rElec    +         Reflect  .   (cloak currently unavailable)
rCorr    +         Harm     .   (gloves currently unavailable)
MR       +....     NoTele   +   (boots currently unavailable)
Stlth    +++.......             (no amulet)
HPRegen  0.25/turn              g - ring "Ociptiadgh" {MR+ Str+4 Int-5 Slay+3}
MPRegen  0.13/turn              t - ring of the Good {Str+2 SInv}

@: mighty, brilliant, tree-form, resistant, very slow
A: distributed training, strong nose
a: Bend Time, Renounce Religion


You were on level 9 of the Dungeon.
You worshipped Cheibriados.
Cheibriados was pleased with you.
You were full.
You were a tree.
You visited 2 branches of the dungeon, and saw 10 of its levels.
You also visited: Ossuary.

You collected 94 gold pieces.

Inventory:

Hand Weapons
 a - a +2 dagger of venom
   (You took it off an orc wizard on level 6 of the Dungeon)
 h - a +0 long sword
 i - the +3 dagger of Mayhem {pierce, +Fly rPois Str+5}
   (You found it on level 6 of the Dungeon)

   It inflicts extra damage upon your enemies.
   It affects your strength (+5).
   It protects you from poison.
   It lets you fly.
 j - a +0 war axe
 v - a +0 dagger
Missiles
 s - 9 arrows
Armour
 e - a +0 robe
 B - a +1 ring mail (melded)
 G - a +0 pair of gloves (melded)
Jewellery
 g - the ring "Ociptiadgh" (left branch) {MR+ Str+4 Int-5 Slay+3}
   (You found it on level 4 of the Dungeon)

   [ring of slaying]

   It affects your strength (+4).
   It affects your intelligence (-5).
   It affects your accuracy and damage with ranged weapons and melee attacks
   (+3).
   It affects your resistance to hostile enchantments.
 t - the ring of the Good (right branch) {Str+2 SInv}
   (You found it on level 6 of the Dungeon)

   [ring of see invisible]

   It affects your strength (+2).
   It lets you see invisible.
Wands
 b - a wand of paralysis (18)
Scrolls
 d - 3 scrolls of teleportation
 f - a scroll of blinking
 l - a scroll of amnesia
 r - a scroll of remove curse
 u - a scroll of immolation
 x - a scroll of brand weapon {unknown}
Potions
 m - a potion of magic
 o - 2 potions of resistance
 q - 6 potions of might
 w - a potion of flight
Books
 n - a book of Air
   (You found it in an ossuary)

   Spells                             Type                      Level
   a - Shock                          Conjuration/Air              1
   b - Swiftness                      Charms/Air                   2
   c - Static Discharge               Conjuration/Air              3
   d - Airstrike                      Air                          4
   e - Lightning Bolt                 Conjuration/Air              5
Comestibles
 c - a ration


   Skills:
 + Level 5.5 Fighting
 + Level 3.0 Short Blades
 + Level 3.0 Long Blades
 + Level 3.0 Axes
 + Level 3.0 Maces & Flails
 + Level 3.0 Polearms
 + Level 3.0 Staves
 + Level 3.0 Slings
 + Level 3.0 Bows
 + Level 3.0 Crossbows
 + Level 3.0 Throwing
 + Level 3.0 Armour
 + Level 3.0 Dodging
 + Level 3.9 Stealth
 + Level 3.0 Shields
 + Level 7.2 Unarmed Combat
 + Level 3.0 Spellcasting
 + Level 2.4 Conjurations
 + Level 2.4 Hexes
 + Level 4.5 Charms
 + Level 2.4 Summonings
 + Level 2.4 Necromancy
 + Level 2.4 Translocations
 + Level 2.4 Transmutations
 + Level 2.4 Fire Magic
 + Level 2.4 Ice Magic
 + Level 2.4 Air Magic
 + Level 2.4 Earth Magic
 + Level 3.3 Poison Magic
 + Level 3.3 Invocations
 + Level 4.0 Evocations


You had 13 spell levels left.
You didn't know any spells.

Dungeon Overview and Level Annotations

Branches:
Dungeon (9/15)             Temple (1/1) D:6
   Lair: D:8-11         Orc: D:9-12

Altars:
Ashenzari
Cheibriados
Dithmenos
Elyvilon
Fedhas
Gozag
Hepliaklqana
Kikubaaqudgha
Makhleb
Nemelex Xobeh
Okawaru
Qazlal
Ru
Sif Muna
Trog
Uskayaw
Vehumet
Xom
Yredelemnul
Zin
The Shining One

Annotations:
D:8 1 transporter, boots of the assassin


Innate Abilities, Weirdness & Mutations

Your experience applies equally to all skills.
((You have very sharp teeth.))
Your uncanny sense of smell can sniff out nearby items.


Message History

There is an open door here.
You hit the worker ant.
The worker ant looks even sicker.
The worker ant is heavily wounded.
You feel sick.
You kill the worker ant!
Cheibriados appreciates the change of pace.
There is an open door here.
You feel sick.
Found a ration and a scroll labeled TAUB RINOTTIN.
A shadow imp comes into view.
The shadow imp shouts, "Give up, thou hateful knotty-pated slime mould!"
You feel sick.
You are no longer poisoned.
The shadow imp sputters.
Wield which item (- for none, * to show all)? (? for menu, Esc to quit)
Your +2 dagger of venom stops dripping with poison.
You are now empty-handed.
The flow of time bends around you.
Cheibriados rebukes the shadow imp.
The shadow imp seems to slow down.
You feel slightly more hungry.
You pummel the shadow imp!!
You kill the shadow imp!
Found a scroll labeled VAYREI QONIXO.
You see here a scroll labeled VAYREI QONIXO.
As you read the scroll labeled VAYREI QONIXO, it crumbles to dust.
You feel blessed for a moment.
It was a scroll of remove curse.
Adjust (i)tems, (s)pells, or (a)bilities?
Adjust which item? (? for menu, Esc to quit)
n - a scroll of remove curse Adjust to which letter? (? for menu, Esc to quit)
r - a scroll of remove curse;
n - a book of Air Adjust (i)tems, (s)pells, or (a)bilities?
Adjust which item? (? for menu, Esc to quit)
Okay, then.
A sky beast comes into view.
You see here a ration.
You eat the ration.
That ration really hit the spot!
You see here a scroll labeled TAUB RINOTTIN.
u - 2 scrolls labeled TAUB RINOTTIN (gained 1)
As you read the scroll labeled TAUB RINOTTIN, it crumbles to dust.
The air around you briefly surges with heat, but it dissipates.
It was a scroll of immolation.
You open the door.
A worker ant zombie comes into view.
The worker ant zombie moves out of view.
There is an open door here.
You hit the worker ant zombie.
The worker ant zombie is moderately damaged.
You hit the worker ant zombie. You bite the worker ant zombie.
The worker ant zombie is severely damaged.
The worker ant zombie closely misses you.
You hit the worker ant zombie but do no damage.
The worker ant zombie is severely damaged.
The worker ant zombie bites you.
You punch the worker ant zombie!
You destroy the worker ant zombie!
Cheibriados thoroughly appreciates the change of pace.
It was a potion of resistance.
You feel protected.
It was a potion of magic.
Magic courses through your body.
It was a potion of brilliance.
You feel clever all of a sudden.
You open the door.
There is an open door here.
You open the door.
An orc wizard comes into view. It is wielding a dagger.
There is an open door here.
An orc warrior and 2 orc priests come into view.
Found 13 gold pieces.
An orc comes into view. It is wielding a mace.
The orc wizard shouts!
The orc priest shouts! x2; The orc shouts!
The orc priest calls down the wrath of Beogh upon you.
Beogh smites you!
* * * LOW HITPOINT WARNING * * *
The orc wizard points at you and mumbles some strange words.
The magic dart hits you!
* * * LOW HITPOINT WARNING * * *
The orc priest mumbles some strange prayers to Beogh against you.
Beogh smites you!
* * * LOW HITPOINT WARNING * * *
The orc priest miscasts a cantrip.
The orc warrior hits you but does no damage.
The orc wizard casts a spell at you. The puff of frost hits you! You resist.
* * * LOW HITPOINT WARNING * * *
The orc priest closely misses you.
Found a white marble altar of Elyvilon.
Unknown command.
You turn into a tree.
Your +0 pair of gloves melds into your body.
Your +1 ring mail melds into your body.
Your roots penetrate the ground.
The orc warrior hits you from afar with a halberd.
* * * LOW HITPOINT WARNING * * *
The orc wizard miscasts a cantrip.
The orc priest mumbles some strange prayers to Beogh against you.
Beogh smites you!
* * * LOW HITPOINT WARNING * * *
You feel very mighty all of a sudden.
The orc warrior hits you from afar with a halberd!
You die...

#.. #..#....##.....
#..##..#...........
#..##..#...........
#..##..#...........
#......#..........#
#......'..........#
#......#..........#
#.o.#..#....####'##
#.♣$#..###'##......
#..o#..............
#.oo#...###....###.
..o.#...# #....# #.
.#...#..........# #.
......#..............
......................
#.._...################


You could see an orc warrior, 2 orc priests, an orc wizard and an orc.

Vanquished Creatures
  A black bear (D:9)
  2 ogres (D:4)
  A centaur (D:6)
  A big kobold (D:8)
  2 water moccasin zombies (Ossuary)
  A crimson imp (D:6)
  A centaur zombie (D:6)
  An iguana (D:7)
  5 orc wizards
  2 worker ants (D:9)
  4 big kobold zombies (Ossuary)
  2 mummies (Ossuary)
  A worker ant zombie (D:9)
  4 adders
  A shadow imp (D:9)
  3 adder zombies (Ossuary)
  3 leopard geckos
  19 orcs
  2 giant cockroaches
  5 gnoll zombies (Ossuary)
  A goblin (D:3)
  5 kobolds (D:8)
  4 quokkas
  3 bats (D:3)
  2 frilled lizards (D:4)
  6 hobgoblin zombies (Ossuary)
  A jackal zombie (D:5)
  2 kobold zombies (Ossuary)
  A leopard gecko zombie (D:6)
  5 orc zombies (Ossuary)
91 creatures vanquished.

Notes
Turn   | Place    | Note
-------+----------+-------------------------------------------
     0 | D:1      | tidbits the Gnoll Wanderer began the quest for the Orb.
     0 | D:1      | tidbits set off with: a scroll of blinking, a potion of heal wounds, a potion of lignification, a scroll of teleportation, a +0 robe, a +0 dagger, a ration
     0 | D:1      | Reached XP level 1. HP: 20/20 MP: 2/2
    20 | D:3      | Reached skill level 2 in Poison Magic
    20 | D:3      | Reached XP level 2. HP: 21/26 MP: 3/3
    87 | D:4      | Found a radiant altar of Vehumet.
   115 | D:4      | Reached XP level 3. HP: 30/31 MP: 4/4
   175 | D:4      | Noticed an ogre
   182 | D:4      | Noticed an ogre
   185 | D:4      | Killed an ogre
   185 | D:4      | Reached skill level 1 in Short Blades
   185 | D:4      | Reached skill level 1 in Long Blades
   185 | D:4      | Reached skill level 1 in Axes
   185 | D:4      | Reached skill level 1 in Maces & Flails
   185 | D:4      | Reached skill level 1 in Polearms
   185 | D:4      | Reached skill level 1 in Staves
   185 | D:4      | Reached skill level 1 in Slings
   185 | D:4      | Reached skill level 1 in Bows
   185 | D:4      | Reached skill level 1 in Crossbows
   185 | D:4      | Reached skill level 1 in Throwing
   185 | D:4      | Reached skill level 1 in Armour
   185 | D:4      | Reached skill level 1 in Dodging
   185 | D:4      | Reached skill level 1 in Shields
   185 | D:4      | Reached skill level 1 in Spellcasting
   185 | D:4      | Reached skill level 1 in Conjurations
   185 | D:4      | Reached skill level 1 in Hexes
   185 | D:4      | Reached skill level 1 in Summonings
   185 | D:4      | Reached skill level 1 in Necromancy
   185 | D:4      | Reached skill level 1 in Translocations
   185 | D:4      | Reached skill level 1 in Transmutations
   185 | D:4      | Reached skill level 1 in Fire Magic
   185 | D:4      | Reached skill level 1 in Ice Magic
   185 | D:4      | Reached skill level 1 in Air Magic
   185 | D:4      | Reached skill level 1 in Earth Magic
   185 | D:4      | Reached skill level 1 in Invocations
   185 | D:4      | Reached XP level 4. HP: 33/38 MP: 4/6
   188 | D:4      | Killed an ogre
   188 | D:4      | Reached skill level 4 in Charms
   188 | D:4      | Reached skill level 3 in Evocations
   188 | D:4      | Reached XP level 5. HP: 13/43 MP: 4/7
   200 | D:4      | Reached XP level 6. HP: 30/50 MP: 5/8
   215 | D:4      | Reached skill level 3 in Stealth
   215 | D:4      | Reached skill level 2 in Invocations
   244 | D:4      | Got a wavering tin ring
   245 | D:4      | Identified the ring "Ociptiadgh" {MR+ Str+4 Int-5 Slay+3} (You found it on level 4 of the Dungeon)
   454 | D:5      | Entered Level 5 of the Dungeon
   512 | D:6      | Reached skill level 5 in Fighting
   512 | D:6      | Reached skill level 2 in Short Blades
   512 | D:6      | Reached skill level 2 in Long Blades
   512 | D:6      | Reached skill level 2 in Axes
   512 | D:6      | Reached skill level 2 in Maces & Flails
   512 | D:6      | Reached skill level 2 in Polearms
   512 | D:6      | Reached skill level 2 in Staves
   512 | D:6      | Reached skill level 2 in Slings
   512 | D:6      | Reached skill level 2 in Bows
   512 | D:6      | Reached skill level 2 in Crossbows
   512 | D:6      | Reached skill level 2 in Throwing
   512 | D:6      | Reached skill level 2 in Armour
   512 | D:6      | Reached skill level 2 in Dodging
   512 | D:6      | Reached skill level 2 in Shields
   512 | D:6      | Reached skill level 2 in Spellcasting
   527 | D:6      | Found a sand-covered staircase.
   541 | D:6      | Found a staircase to the Ecumenical Temple.
   550 | Temple   | Entered the Ecumenical Temple
   664 | Temple   | Became a worshipper of Cheibriados the Contemplative
   710 | Ossuary  | Entered an ossuary
   804 | Ossuary  | Reached XP level 7. HP: 41/56 MP: 10/10
   851 | Ossuary  | Reached * piety under Cheibriados
   857 | Ossuary  | Reached skill level 7 in Unarmed Combat
   926 | D:6      | Reached skill level 2 in Conjurations
   926 | D:6      | Reached skill level 2 in Hexes
   926 | D:6      | Reached skill level 2 in Summonings
   926 | D:6      | Reached skill level 2 in Necromancy
   926 | D:6      | Reached skill level 2 in Translocations
   926 | D:6      | Reached skill level 2 in Transmutations
   926 | D:6      | Reached skill level 2 in Fire Magic
   926 | D:6      | Reached skill level 2 in Ice Magic
   926 | D:6      | Reached skill level 2 in Air Magic
   926 | D:6      | Reached skill level 2 in Earth Magic
   950 | D:6      | Reached skill level 3 in Poison Magic
   959 | D:6      | Got a shimmering platinum ring
   960 | D:6      | Identified the ring of the Good {Str+2 SInv} (You found it on level 6 of the Dungeon)
   983 | D:5      | Found a sparkling altar of Nemelex Xobeh.
   983 | D:5      | Found an ancient bone altar of Kikubaaqudgha.
  1012 | D:6      | Got a transparent dagger
  1013 | D:6      | Identified the +3 dagger of Mayhem {pierce, +Fly rPois Str+5} (You found it on level 6 of the Dungeon)
  1179 | D:8      | Found a transporter.
  1181 | D:8      | Found the +2 pair of boots of the Assassin {Detection Stab+ Stlth++}
  1209 | D:8      | Reached skill level 3 in Invocations
  1217 | D:8      | Reached ** piety under Cheibriados
  1342 | D:9      | Reached XP level 8. HP: 49/63 MP: 12/12
  1358 | D:9      | Reached skill level 4 in Evocations
  1362 | D:9      | Reached skill level 3 in Short Blades
  1362 | D:9      | Reached skill level 3 in Long Blades
  1362 | D:9      | Reached skill level 3 in Axes
  1362 | D:9      | Reached skill level 3 in Maces & Flails
  1362 | D:9      | Reached skill level 3 in Polearms
  1362 | D:9      | Reached skill level 3 in Staves
  1362 | D:9      | Reached skill level 3 in Slings
  1362 | D:9      | Reached skill level 3 in Bows
  1362 | D:9      | Reached skill level 3 in Crossbows
  1362 | D:9      | Reached skill level 3 in Throwing
  1362 | D:9      | Reached skill level 3 in Armour
  1362 | D:9      | Reached skill level 3 in Dodging
  1362 | D:9      | Reached skill level 3 in Shields
  1362 | D:9      | Reached skill level 3 in Spellcasting
  1459 | D:9      | Found a white marble altar of Elyvilon.
  1460 | D:9      | HP: 2/94 [orc priest/divine providence (12)]
  1461 | D:9      | Slain by an orc warrior

Skill      XL: |  1  2  3  4  5  6  7  8 |
---------------+-------------------------+-----
Poison Magic   | 2 3 |  3.3
Short Blades   | 1 2 3 |  3.0
Long Blades    | 1 2 3 |  3.0
Axes           | 1 2 3 |  3.0
Maces & Flails | 1 2 3 |  3.0
Polearms       | 1 2 3 |  3.0
Staves         | 1 2 3 |  3.0
Slings         | 1 2 3 |  3.0
Bows           | 1 2 3 |  3.0
Crossbows      | 1 2 3 |  3.0
Throwing       | 1 2 3 |  3.0
Armour         | 1 2 3 |  3.0
Dodging        | 1 2 3 |  3.0
Shields        | 1 2 3 |  3.0
Spellcasting   | 1 2 3 |  3.0
Conjurations   | 1 2 |  2.4
Hexes          | 1 2 |  2.4
Summonings     | 1 2 |  2.4
Necromancy     | 1 2 |  2.4
Translocations | 1 2 |  2.4
Transmutations | 1 2 |  2.4
Fire Magic     | 1 2 |  2.4
Ice Magic      | 1 2 |  2.4
Air Magic      | 1 2 |  2.4
Earth Magic    | 1 2 |  2.4
Invocations    | 1 2 3 |  3.3
Charms         | 4 |  4.5
Evocations     | 3 4 |  4.0
Stealth        | 3 |  3.9
Fighting       | 5 |  5.5
Unarmed Combat | 7 |  7.2

Action                   |  1- 3 |  4- 6 |  7- 9 || total
-------------------------+-------+-------+-------++-------
Melee: Dagger            |    11 |       |    31 ||    42
       Unarmed           |    21 |   119 |    94 ||   234
       Bite              |     2 |    16 |    13 ||    31
       Punch             |     1 |     3 |     3 ||     7
Invok: Bend Time         |       |       |     3 ||     3
Evoke: Wand              |       |       |     2 ||     2
  Use: Potion            |     1 |     2 |     7 ||    10
       Scroll            |     1 |     2 |     4 ||     7
 Stab: Sleeping          |     4 |     1 |     1 ||     6
       Paralysed         |       |       |     4 ||     4
  Eat: Ration            |       |       |     2 ||     2
Armor: Robe              |    10 |     1 |       ||    11
       Skin              |     2 |    10 |       ||    12
       Ring mail         |       |    14 |    32 ||    46
Dodge: Dodged            |    19 |    40 |    96 ||   155

Table legend:
 A = Turns spent in this place as a percentage of turns spent in the entire game.
 B = Non-inter-level travel turns spent in this place as a percentage of non-inter-level travel turns spent in the entire game.
 C = Inter-level travel turns spent in this place as a percentage of turns spent in this place.
 D = Turns resting spent in this place as a percentage of non-inter-level travel turns spent in this place.
 E = Turns spent auto-exploring this place as a percentage of non-inter-level travel turns spent in this place.
 F = Non-inter-level travel turns spent in this place divided by the number of levels of this place that you've seen.
                   A       B       C       D       E      F
               +-------+-------+-------+-------+-------+----------------------
         Total | 100.0 | 100.0 |   1.1 |   0.0 |   0.0 | 131.4
       Dungeon |  75.2 |  76.0 |   0.0 |   0.0 |   0.0 | 122.0
        Temple |  10.2 |   9.2 |  10.7 |   0.0 |   0.0 | 133.0
       Ossuary |  14.6 |  14.8 |   0.0 |   0.0 |   0.0 | 214.0
               +-------+-------+-------+-------+-------+----------------------

Table legend:
 A = Kills in this place as a percentage of kills in entire the game.
 B = Kills by you in this place as a percentage of kills by you in the entire game.
 C = Kills by friends in this place as a percentage of kills by friends in the entire game.
 D = Other kills in this place as a percentage of other kills in the entire game.
 E = Experience gained in this place as a percentage of experience gained in the entire game.
 F = Experience gained in this place divided by the number of levels of this place that you have seen.
                   A       B       C       D       E      F
               +-------+-------+-------+-------+-------+----------------------
         Total | 100.0 | 100.0 |   N/A |   N/A | 100.0 | 134.8
       Dungeon |  68.1 |  68.1 |   N/A |   N/A |  77.3 | 127.4
       Ossuary |  31.9 |  31.9 |   N/A |   N/A |  22.7 | 336.0
               +-------+-------+-------+-------+-------+----------------------

Vault maps used:
D:1:      minmay_arrival_split_and_join, st_stairs_9
D:2:      minmay_pentomino_z2, uniq_robin
D:4:      kennysheep_mini_moat, hex_large
D:5:      nicolae_overflow_hidden_temple, first_ration, uniq_menkaure
D:6:      minmay_temple_entry_butterflies, nicolae_ossuary_entry_plus,
          uniq_edmund
D:7:      basic_altar
D:8:      gammafunk_cloud_chamber, lemuel_crystal_altar, serial_bayou_lagoon_a,
          uniq_gastronok, uniq_maurice
D:9:      basic_altar, uniq_joseph
Temple:   dpeg_five_rooms_temple
Ossuary:  ossuary_tomb_2
